[Event "5th Srefidensi Celebration 2017"]
[Site "Paramaribo"]
[Date "2017.11.23"]
[Round "3"]
[White "Enkhtuul, Altan-Ulzii"]
[Black "Gu, Xiaobing"]
[Result "0-1"]
[ECO "A48"]
[WhiteElo "2356"]
[BlackElo "2332"]
[Annotator "NA"]
[PlyCount "134"]
[EventDate "2017.??.??"]
[EventCountry "SUR"]
[SourceTitle "playchess.com"]
[Source "ChessBase"]
[SourceQuality "1"]
[TimeControl "5400+30"]

1. d4 Nf6 2. Nf3 g6 3. Bg5 Bg7 4. e3 d6 5. c3 O-O 6. Nbd2 b6 7. Bd3 c5 8. O-O Ba6 9. Qe2 Qc8 10. a4 Qb7 11. Rfe1 Bxd3 12. Qxd3 Re8 13. Bxf6 Bxf6 14. Ne4 Bg7 15. Ng3 cxd4 16. exd4 Nd7 17. h4 Nf6 18. Re2 Rac8 19. Rae1 Qd7 20. Qa6 Nd5 21. a5 b5 22. Ne4 Nc7 23. Qxa7 Ra8 24. Qb7 Reb8 25. Nc5 Qd8 26. Qc6 dxc5 27. Rxe7 Rc8 28. Rd7 Qf6 29. Qxc5 Bf8 30. Qb6 Ne8 31. Ne5 Qxh4 32. Qxb5 Nd6 33. Qd5 Qf6 34. Re3 Qe6 35. Qxe6 fxe6 36. Ng4 Ne8 37. Rxe6 Bg7 38. a6 g5 39. Kf1 h5 40. Ne5 Nf6 41. Rb7 g4 42. a7 Ne8 43. Nc6 Bf8 44. b4 Nd6 45. Rb8 Rxa7 46. Rxc8 Ra1+ 47. Ke2 Nxc8 48. b5 Ra2+ 49. Ke3 Nb6 50. Ne7+ Bxe7 51. Rxb6 Bh4 52. g3 Bg5+ 53. Ke4 Kf7 54. f4 Be7 55. Kf5 Rg2 56. Rc6 Rxg3 57. b6 Rg1 58. d5 Rd1 59. c4 g3 60. Rg6 h4 61. Rg4 Rb1 62. d6 Bxd6 63. b7 Be7 64. Ke4 Rxb7 65. f5 Rb3 66. c5 Rb4+ 67. Kf3 Rxg4 0-1

[Event "5th Srefidensi Celebration 2017"]
[Site "Paramaribo"]
[Date "2017.11.23"]
[Round "3"]
[White "Halfhide, Sebastian"]
[Black "Hanoeman, Suradj"]
[Result "1-0"]
[ECO "B42"]
[WhiteElo "2333"]
[BlackElo "2048"]
[Annotator "NA"]
[PlyCount "51"]
[EventDate "2017.??.??"]
[EventCountry "SUR"]
[SourceTitle "playchess.com"]
[Source "ChessBase"]
[SourceQuality "1"]
[TimeControl "5400+30"]

1. e4 c5 2. Nf3 e6 3. d4 cxd4 4. Nxd4 a6 5. Bd3 Nf6 6. O-O Qc7 7. Qe2 d6 8. c4 g6 9. b3 Bg7 10. Bb2 O-O 11. f4 (11. Nc3 $14 {keeps the upper hand.}) 11... Nc6 12. Nxc6 bxc6 13. e5 Nd7 14. exd6 Qxd6 15. Nc3 Nf6 16. Rad1 Bb7 $16 17. Na4 Qc7 18. Be5 Qa5 19. Qb2 Nh5 20. g4 Nxf4 21. Bxg7 Qg5 22. Rxf4 Qxf4 23. Bxf8 Qg5 24. Rf1 Qf4 25. Rd1 Qxg4+ 26. Kf2 1-0

[Event "5th Srefidensi Celebration 2017"]
[Site "Paramaribo"]
[Date "2017.11.23"]
[Round "3"]
[White "Harper, Ryan"]
[Black "Zavarce, Oscar Enrique"]
[Result "1-0"]
[ECO "B42"]
[WhiteElo "2201"]
[BlackElo "2391"]
[Annotator "NA"]
[PlyCount "81"]
[EventDate "2017.??.??"]
[EventCountry "SUR"]
[SourceTitle "playchess.com"]
[Source "ChessBase"]
[SourceQuality "1"]
[TimeControl "5400+30"]

1. e4 c5 2. Nf3 e6 3. d4 cxd4 4. Nxd4 a6 5. Bd3 Bc5 6. Nb3 Be7 7. c4 d6 8. Nc3 Nf6 9. O-O Nbd7 10. Be3 b6 11. f4 Bb7 12. Qe2 O-O 13. Rac1 Qc7 14. Nd2 Rfe8 15. b4 Rac8 16. Kh1 Qb8 17. a3 Qa8 $16 18. Bd4 g6 19. e5 Nh5 20. Be4 d5 21. cxd5 exd5 22. Bb1 Ng7 23. f5 Bg5 24. e6 fxe6 25. fxg6 e5 26. Be3 Bf6 27. Qg4 Re7 28. Bh6 e4 29. Nxd5 Bxd5 30. Rxc8+ Qxc8 31. Rxf6 e3 32. Rf7 Qc1+ 33. Nf1 hxg6 34. Bxg6 Ne5 35. Rxg7+ Rxg7 36. Bh7+ Kf7 37. Qxg7+ Ke6 38. Bg8+ Kd6 39. Qf6+ Kd7 40. Bxd5 Qd1 41. Qe6+ {Qb1} 1-0

[Event "5th Srefidensi Celebration 2017"]
[Site "Paramaribo"]
[Date "2017.11.23"]
[Round "3"]
[White "Sanches, Casanova Romario"]
[Black "Garcia Martinez, Silvino"]
[Result "1/2-1/2"]
[ECO "A34"]
[WhiteElo "2103"]
[BlackElo "2335"]
[Annotator "NA"]
[PlyCount "31"]
[EventDate "2017.??.??"]
[EventCountry "SUR"]
[SourceTitle "playchess.com"]
[Source "ChessBase"]
[SourceQuality "1"]
[TimeControl "5400+30"]

1. c4 Nf6 2. Nc3 c5 3. g3 d5 4. cxd5 Nxd5 5. Bg2 Nc7 6. d3 g6 {A34: Symmetrical English: 2 Nc3, lines with ...d5} (6... e5 7. Nf3 Nc6 8. Nd2 Be7 9. Nc4 f6 10. f4 exf4 11. Bxf4 O-O 12. Rc1 Be6 13. Ne3 Bf7 14. Nf5 Ne6 15. O-O Re8 16. Kh1 {½-½ (41) Dubov,D (2658)-Levin,E (2524) Sochi 2017}) 7. Be3 Ne6 {LiveBook: 8 Games} 8. Qd2 Bg7 9. Nf3 Nc6 10. Bh6 Bxh6 $146 ({Predecessor:} 10... O-O 11. h4 Bxh6 12. Qxh6 f6 13. Ne4 Ncd4 14. Rc1 Qa5+ 15. Qd2 Qxa2 16. Nxc5 Nxf3+ 17. Bxf3 {½-½ (38) Horton,J (2200)-Taylor,G (2325) Ottawa 1984}) 11. Qxh6 Ncd4 12. Nxd4 cxd4 13. Nd5 f6 14. O-O Kf7 15. Rac1 Qd6 16. Rc2 1/2-1/2

[Event "5th Srefidensi Celebration 2017"]
[Site "Paramaribo"]
[Date "2017.11.24"]
[Round "5"]
[White "Zavarce, Oscar Enrique"]
[Black "Halfhide, Sebastian"]
[Result "1-0"]
[ECO "E63"]
[WhiteElo "2391"]
[BlackElo "2333"]
[Annotator "NA"]
[PlyCount "93"]
[EventDate "2017.??.??"]
[EventCountry "SUR"]
[SourceTitle "playchess.com"]
[Source "ChessBase"]
[SourceQuality "1"]
[TimeControl "5400+30"]

1. Nf3 Nf6 2. c4 g6 3. g3 Bg7 4. Bg2 d6 5. d4 O-O 6. O-O a6 7. Nc3 Nc6 8. Bf4 h6 9. h3 Rb8 10. Rc1 Bd7 11. b3 b5 12. Nd5 $11 Nh5 13. Bd2 e6 14. g4 exd5 15. gxh5 bxc4 16. bxc4 dxc4 17. Rxc4 Ne7 18. Ba5 Nd5 19. Bd2 g5 20. Re1 Nf6 21. Qc2 c6 22. e4 Nxh5 23. e5 d5 24. Rc3 Re8 25. Nh2 Qb6 26. Qd3 Re6 27. Rb3 Qd8 28. Rxb8 Qxb8 29. Rb1 Qc8 30. Qf3 Nf4 31. Bxf4 gxf4 32. Qxf4 Rg6 33. e6 Bxe6 34. Rb8 Qxb8 35. Qxb8+ Kh7 36. Kf1 Bxd4 37. Nf3 Bg7 38. Qb1 Kh8 39. Qb8+ Kh7 40. Ne5 Rf6 41. Nxc6 Bf5 42. Ne7 Bd3+ 43. Kg1 h5 44. Qg8+ Kh6 45. Nxd5 Rg6 46. Nf4 Rd6 47. Qxf7 1-0

[Event "5th Srefidensi Celebration 2017"]
[Site "Paramaribo"]
[Date "2017.11.24"]
[Round "5"]
[White "Farley, Terry"]
[Black "Hanoeman, Suradj"]
[Result "0-1"]
[ECO "B84"]
[WhiteElo "2253"]
[BlackElo "2048"]
[Annotator "NA"]
[PlyCount "78"]
[EventDate "2017.??.??"]
[EventCountry "SUR"]
[SourceTitle "playchess.com"]
[Source "ChessBase"]
[SourceQuality "1"]
[TimeControl "5400+30"]

1. e4 c5 2. Nf3 e6 3. d4 cxd4 4. Nxd4 a6 5. Nc3 Qc7 6. Be2 Nf6 7. O-O d6 8. f4 Nbd7 9. Kh1 b5 10. e5 b4 11. Ncb5 axb5 12. exf6 Nxf6 13. f5 e5 14. Nxb5 Qb8 15. Bg5 Bd7 16. a4 bxa3 17. bxa3 Bc6 18. Rb1 Qd8 19. Bf3 Qd7 20. Re1 Be7 21. Bxf6 gxf6 22. c4 Rc8 23. Nc3 Bxf3 24. Qxf3 Rxc4 25. Nd5 Bd8 26. Rbc1 Qc8 27. Qf1 Rc5 28. a4 O-O 29. a5 Qa8 30. Rxc5 dxc5 31. Qf3 Qxa5 32. Rf1 Qd2 33. Rd1 Qg5 34. Qe4 Kh8 35. g3 Rg8 36. Ne3 Ba5 37. Rd7 Be1 38. Rxf7 Bxg3 39. Ra7 Bf2 0-1

[Event "5th Srefidensi Celebration 2017"]
[Site "Paramaribo"]
[Date "2017.11.24"]
[Round "5"]
[White "Harper, Ryan"]
[Black "Garcia Martinez, Silvino"]
[Result "1/2-1/2"]
[ECO "B98"]
[WhiteElo "2201"]
[BlackElo "2335"]
[Annotator "NA"]
[PlyCount "70"]
[EventDate "2017.??.??"]
[EventCountry "SUR"]
[SourceTitle "playchess.com"]
[Source "ChessBase"]
[SourceQuality "1"]
[TimeControl "5400+30"]

1. e4 c5 2. Nf3 d6 3. d4 cxd4 4. Nxd4 Nf6 $11 5. Nc3 a6 6. Bg5 e6 7. f4 Qc7 8. Qe2 Nbd7 9. O-O-O Be7 10. g4 O-O 11. Bg2 Re8 12. h4 Nc5 13. e5 dxe5 14. fxe5 Nfd7 15. Bxe7 Rxe7 16. b4 Nb3+ 17. Kb2 Nxd4 18. Rxd4 Re8 19. Re1 Nb6 20. Qe4 Rb8 21. Bf1 Bd7 22. Bd3 g6 23. Qf4 Bc6 24. h5 Qe7 25. Be4 Bb5 26. Bd3 Bc6 27. Be4 Bb5 28. Bd3 Bxd3 29. cxd3 Red8 30. Ne4 g5 31. Qf6 Qxf6 32. Nxf6+ Kg7 33. Ree4 h6 34. Kb3 Rbc8 35. a4 Nd5 1/2-1/2

[Event "5th Srefidensi Celebration 2017"]
[Site "Paramaribo"]
[Date "2017.11.25"]
[Round "7"]
[White "Halfhide, Sebastian"]
[Black "Garcia Martinez, Silvino"]
[Result "0-1"]
[ECO "B96"]
[WhiteElo "2333"]
[BlackElo "2335"]
[Annotator "NA"]
[PlyCount "56"]
[EventDate "2017.??.??"]
[EventCountry "SUR"]
[SourceTitle "playchess.com"]
[Source "ChessBase"]
[SourceQuality "1"]
[TimeControl "5400+30"]

1. e4 c5 2. Nf3 d6 3. d4 cxd4 4. Nxd4 Nf6 5. Nc3 a6 6. Bg5 e6 7. f4 Qc7 8. Qe2 Nc6 9. Nxc6 bxc6 10. O-O-O Nd7 11. f5 Ne5 12. g3 Rb8 13. b3 exf5 14. Bh3 f6 15. Bf4 fxe4 16. Bxc8 Rxc8 17. Nxe4 Be7 18. Qh5+ g6 19. Qh6 d5 20. Nxf6+ Bxf6 21. Rde1 Kf7 22. Rhf1 Kg8 23. Bxe5 Bxe5 24. Re2 Bd6 25. Rfe1 Rf8 26. Kb1 Bb4 27. Rd1 Qf7 28. Qh4 a5 0-1

[Event "5th Srefidensi Celebration 2017"]
[Site "Paramaribo"]
[Date "2017.11.25"]
[Round "7"]
[White "Harper, Ryan"]
[Black "Husbands, Orlando"]
[Result "1/2-1/2"]
[ECO "B90"]
[WhiteElo "2201"]
[BlackElo "2327"]
[Annotator "NA"]
[PlyCount "115"]
[EventDate "2017.??.??"]
[EventCountry "SUR"]
[SourceTitle "playchess.com"]
[Source "ChessBase"]
[SourceQuality "1"]
[TimeControl "5400+30"]

1. e4 c5 2. Nf3 d6 3. d4 cxd4 4. Nxd4 Nf6 5. Nc3 a6 6. a3 e5 {B90: Sicilian Najdorf: Unusual White 6th moves, 6 Be3 Ng4 and 6 Be3 e5} 7. Nf5 d5 8. Bg5 d4 9. Bxf6 Qxf6 (9... gxf6 10. Nb1 Bxf5 11. exf5 Qd5 12. Qd3 Qa5+ 13. Nd2 Bb4 14. O-O-O Bxd2+ 15. Qxd2 Qxd2+ 16. Rxd2 {1-0 (40) Demchenko,A (2645)-Areshchenko,A (2652) Tbilisi 2017}) 10. Nd5 Qd8 11. Qg4 g6 12. Qg3 Bd6 $146 ({Predecessor:} 12... Nc6 13. Nxd4 Bg7 14. Nf3 {1-0 (26) Aranda Marin,C (2263)-Perez Ordonez,J (2120) Collado Villalba 2017}) 13. Nxd6+ Qxd6 14. O-O-O Nc6 15. Bc4 O-O 16. Qh4 Kg7 17. g4 h6 18. g5 Rh8 19. Rhg1 hxg5 20. Qxg5 Qd8 21. Qd2 Rxh2 22. Rh1 Qh4 23. Rxh2 Qxh2 24. Qg5 Qh6 25. Qxh6+ Kxh6 26. Nb6 Rb8 27. Bxf7 Kg7 28. Bd5 Ne7 29. Re1 Kf6 30. Rh1 Be6 31. Rh7 Rd8 32. Bxb7 Rb8 33. Nd5+ Bxd5 34. Bxd5 Nxd5 35. exd5 Rd8 36. Ra7 Rd6 37. f3 Kf5 38. Kd2 g5 39. Kd3 Rxd5 40. Rxa6 Rd8 41. Rc6 Rh8 42. Rc7 Rh3 43. Rf7+ Ke6 44. Rf8 g4 45. Ke4 gxf3 46. Re8+ Kd6 47. Rf8 Rh2 48. Rf6+ Ke7 49. Rxf3 Rxc2 50. Kxe5 Rxb2 51. Kxd4 Kd6 52. Rc3 Rd2+ 53. Kc4 Kc6 54. Rh3 Kb6 $11 55. Kb4 Rd4+ 56. Kb3 Rg4 57. Rc3 Rh4 58. Rd3 1/2-1/2

[Event "5th Srefidensi Celebration 2017"]
[Site "Paramaribo"]
[Date "2017.11.25"]
[Round "7"]
[White "Hanoeman, Suradj"]
[Black "Enkhtuul, Altan-Ulzii"]
[Result "1/2-1/2"]
[ECO "A43"]
[WhiteElo "2048"]
[BlackElo "2356"]
[Annotator "NA"]
[PlyCount "180"]
[EventDate "2017.??.??"]
[EventCountry "SUR"]
[SourceTitle "playchess.com"]
[Source "ChessBase"]
[SourceQuality "1"]
[TimeControl "5400+30"]

1. d4 Nf6 2. Nc3 c5 3. d5 d6 4. e4 g6 5. Nf3 Bg7 6. Be2 O-O 7. O-O Na6 8. Nd2 Nc7 9. a4 Nfe8 10. Nc4 Bd7 11. Bd2 b5 12. axb5 Nxb5 13. Nxb5 Bxb5 14. c3 a5 15. Na3 Bxe2 16. Qxe2 Qb8 17. Rfb1 Nc7 18. Nc4 Qb5 19. Qf1 a4 20. Bg5 Rfe8 21. g3 h6 22. Bd2 Reb8 23. Ra3 Qd7 24. Rba1 Nb5 25. R3a2 a3 26. Nxa3 Nxa3 27. Rxa3 Rxa3 28. bxa3 Qa4 29. Rb1 Rxb1 30. Qxb1 Kh7 31. Qe1 Qxa3 32. Qe3 Qb3 33. Kg2 e6 34. dxe6 fxe6 35. h4 h5 36. Qf4 d5 37. g4 Qd1 38. exd5 exd5 39. gxh5 Qxh5 40. Qg5 Qxg5+ 41. hxg5 c4 42. Kg3 Kg8 43. Kg4 Kf7 44. f4 Ke6 45. Be1 d4 46. cxd4 Bxd4 47. Bd2 Bb2 48. Be3 Ba1 49. Kf3 Kf5 50. Ke2 Ke4 51. Bc1 c3 52. f5 Kxf5 53. Kd3 Kg4 54. Kc2 Bb2 55. Be3 Kf5 56. Kd3 Ba1 57. Kc2 Kg4 58. Kd3 Kf3 59. Bc5 Bb2 60. Kc2 Kf4 61. Be7 Kf5 62. Kd1 Ke6 63. Bc5 Kd5 64. Be7 Ke6 65. Bc5 c2+ 66. Kxc2 Be5 67. Kd3 Bf4 68. Ke4 Bxg5 69. Kf3 Kf5 70. Kg2 Kf4 71. Bd6+ Kg4 72. Ba3 Bh4 73. Bb4 Bg3 74. Ba3 Bf4 75. Bb4 Kf5 76. Be7 Bg5 77. Ba3 Bf6 78. Bc1 Be5 79. Ba3 g5 80. Bb4 g4 81. Be1 Ke4 82. Ba5 Bf4 83. Bd8 Ke3 84. Bb6+ Ke2 85. Bd8 Bd6 86. Bg5 Kd3 87. Bf6 Ke4 88. Bd8 Be7 89. Bxe7 g3 90. Kxg3 Ke5 1/2-1/2

[Event "5th Srefidensi Celebration 2017"]
[Site "Paramaribo"]
[Date "2017.11.26"]
[Round "9"]
[White "Zavarce, Oscar Enrique"]
[Black "Cupid, Kevin"]
[Result "1-0"]
[ECO "B12"]
[WhiteElo "2391"]
[BlackElo "2163"]
[Annotator "NA"]
[PlyCount "73"]
[EventDate "2017.??.??"]
[EventCountry "SUR"]
[SourceTitle "playchess.com"]
[Source "ChessBase"]
[SourceQuality "1"]
[TimeControl "5400+30"]

1. e4 c6 2. d4 d5 3. e5 c5 4. dxc5 e6 5. a3 Qc7 6. f4 Bxc5 7. Nc3 Bd7 8. Bd3 Nc6 9. Nf3 g6 10. Nb5 Qb6 11. b4 Be7 ({Avoid the trap} 11... Bf2+ $2 12. Kf1 $18) 12. Qe2 a6 $16 13. Be3 Qd8 14. Nd6+ Bxd6 15. exd6 Qf6 16. O-O h5 17. a4 Nh6 18. b5 axb5 19. axb5 Rxa1 20. bxc6 Rxf1+ 21. Qxf1 Bxc6 22. Bd4 Qxf4 23. g3 Qxd6 24. Bxh8 Ng4 25. Qa1 Ke7 26. Bb2 Qb8 27. Bd4 Kf8 28. Qa3+ Kg8 29. Qe7 Qf8 30. Qg5 Qh6 31. Qd8+ Qf8 32. Qc7 Qh6 33. h3 e5 34. Nxe5 Qc1+ 35. Bf1 Nh6 36. Qd8+ Kh7 37. Nd3 1-0

[Event "5th Srefidensi Celebration 2017"]
[Site "Paramaribo"]
[Date "2017.11.26"]
[Round "9"]
[White "Gu, Xiaobing"]
[Black "Halfhide, Sebastian"]
[Result "1/2-1/2"]
[ECO "B47"]
[WhiteElo "2332"]
[BlackElo "2333"]
[Annotator "NA"]
[PlyCount "104"]
[EventDate "2017.??.??"]
[EventCountry "SUR"]
[SourceTitle "playchess.com"]
[Source "ChessBase"]
[SourceQuality "1"]
[TimeControl "5400+30"]

1. e4 c5 2. Nf3 e6 3. g3 Nc6 4. Bg2 Nf6 5. Nc3 a6 6. d4 cxd4 7. Nxd4 Qc7 8. O-O Nxd4 9. Qxd4 Bc5 10. Bf4 d6 11. Qd2 h6 12. Rad1 e5 13. Be3 Be6 {B47: Sicilian: Taimanov: 5 Nc3 Qc7 6 f4, 6 g3 and 6 Be2} 14. Bxc5 dxc5 15. Nd5 Bxd5 16. exd5 Qd6 17. c4 O-O 18. Bh3 {[#]} Rad8 $146 ({Predecessor:} 18... Rfe8 19. Rfe1 h5 20. Re2 Re7 21. Rde1 {½-½ (48) Demchenko,A (2589)-Matlakov,M (2696) Kaliningrad 2015}) 19. Rfe1 Rfe8 20. Re3 b5 21. b3 Re7 22. Rde1 Rde8 $14 23. R3e2 Kf8 24. a3 Nh7 25. f3 Nf6 26. Qd3 Rb7 27. Qd2 Rbe7 28. Re3 Rb7 29. Qf2 Rbe7 30. R3e2 Rb7 31. Qe3 bxc4 32. bxc4 a5 33. Qc3 a4 34. Rxe5 Rxe5 35. Qxe5 Qxe5 36. Rxe5 Ne8 37. d6 Nxd6 38. Rxc5 Rb1+ 39. Bf1 Rb3 40. Rd5 Ke7 41. c5 Ne8 42. c6 Rxa3 43. Rd7+ Kf6 44. Bc4 Rc3 45. Rxf7+ Ke5 46. Re7+ Kd6 47. Re6+ Kc7 48. Ba2 Nf6 49. Bc4 Ne8 50. Bb5 a3 51. Rxe8 Rc1+ 52. Kg2 Kd6 1/2-1/2

[Event "5th Srefidensi Celebration 2017"]
[Site "Paramaribo"]
[Date "2017.11.26"]
[Round "9"]
[White "Sanches, Casanova Romario"]
[Black "Guerrero Vargas, Andres Jesus"]
[Result "0-1"]
[ECO "C28"]
[WhiteElo "2103"]
[BlackElo "2307"]
[Annotator "NA"]
[PlyCount "88"]
[EventDate "2017.??.??"]
[EventCountry "SUR"]
[SourceTitle "playchess.com"]
[Source "ChessBase"]
[SourceQuality "1"]
[TimeControl "5400+30"]

1. e4 e5 2. Bc4 Nf6 3. d3 Nc6 4. Nc3 Na5 5. Qf3 c6 6. a4 Nxc4 7. dxc4 d6 8. Nge2 Bg4 9. Qd3 Nd7 10. Qg3 $11 Be6 11. b3 h5 12. h4 g6 13. Ba3 Qc7 14. Rd1 Nf6 15. Qd3 O-O-O 16. O-O Be7 17. b4 Ng4 18. a5 f5 19. b5 fxe4 20. Nxe4 d5 21. Bxe7 Qxe7 22. Ng5 dxc4 23. Qxg6 Nf6 24. Rxd8+ Rxd8 25. Nxe6 Qxe6 26. bxc6 bxc6 27. Ng3 Rg8 28. Qf5 Qxf5 29. Nxf5 Rd8 30. Re1 Rd2 31. Ne3 c3 32. f3 e4 33. Nc4 Rd4 34. Ne5 Kc7 35. Kf2 Kd6 36. f4 Nd5 37. Nf7+ Ke7 38. Ng5 e3+ 39. Kf3 Rxf4+ 40. Ke2 Rf2+ 41. Kd3 Rd2+ 42. Kc4 Rxc2 43. Ne4 Rxg2 44. Nxc3 Rc2 0-1